 Dungeon Crawl Stone Soup version 0.20.0-7-g3b7b877 (webtiles) character file.

1669 Kosschaser the Carver (level 8, -12/71 HPs)
             Began as a White Draconian Abyssal Knight on May 29, 2017.
             Was an Elder of Lugonu.
             Killed from afar by a steam dragon (18 damage)
             ... with a ball of steam
             ... on level 5 of the Dungeon.
             The game lasted 00:19:37 (6224 turns).

Kosschaser the Carver (DrAK)                        Turns: 6224, Time: 00:19:37

Health: -12/71     AC:  6    Str: 15    XL:     8   Next: 69%
Magic:  9/9        EV: 15    Int: 12    God:    Lugonu [****..]
Gold:   422        SH:  0    Dex: 13    Spells: 7/7 levels left

rFire    . . .     SeeInvis .   a - +1 falchion
rCold    + + .     Gourm    .   (no shield)
rNeg     + . .     Faith    .   (armour unavailable)
rPois    .         Spirit   .   (helmet restricted)
rElec    .         Reflect  .   (no cloak)
rCorr    .         Harm     .   (no gloves)
MR       .....                  (no boots)
Stlth    +.........             (no amulet)
Regen    0.3/turn               B - ring of positive energy
MPRegen  0.2/turn               w - ring of protection from cold

@: short of breath
A: breathe frost, unfitting armour, cold resistance 1, cold-blooded, AC +6
a: Breathe Frost, Depart the Abyss, Bend Space, Banish, Corrupt, Renounce
Religion


You were on level 5 of the Dungeon.
You worshipped Lugonu.
Lugonu was greatly pleased with you.
You were hungry.

You visited 1 branch of the dungeon, and saw 5 of its levels.
You visited the Abyss 1 time.
You also visited: Ossuary.

You collected 422 gold pieces.

Inventory:

Hand Weapons
 a - a +1 falchion (weapon)
Jewellery
 w - a ring of protection from cold (right hand)
 B - a ring of positive energy (left hand)
Wands
 m - a wand of clouds (1/9)
 s - a wand of flame (17/48)
 x - a wand of iceblast (8/15)
 y - a wand of digging (5/24)
Scrolls
 e - 2 scrolls of blinking {unknown}
 f - 2 scrolls of random uselessness {unknown}
 g - 3 scrolls of remove curse {unknown}
 h - 2 scrolls of enchant armour {unknown}
 i - a scroll of fog {unknown}
 j - a scroll of enchant weapon {unknown}
 l - 3 scrolls of recharging {unknown}
 o - a scroll of teleportation {unknown}
 p - 3 scrolls of amnesia {unknown}
 t - a scroll of identify {unknown}
Potions
 c - a potion of flight {unknown}
 d - 2 potions of brilliance {unknown}
 n - 6 potions of curing {unknown}
 r - a potion of heal wounds {unknown}
 u - a potion of agility {unknown}
 v - a potion of ambrosia {unknown}
 z - a potion of lignification {unknown}
Comestibles
 b - 4 bread rations
 k - 5 fruits
 q - 2 meat rations


   Skills:
 + Level 6.6 Fighting
 + Level 8.3 Long Blades
 * Level 5.3 Dodging
 + Level 2.0 Invocations


You had 7 spell levels left.
You didn't know any spells.

Dungeon Overview and Level Annotations

Branches:
Dungeon (5/15)             Temple (0/1) D:4

Altars:
Dithmenos
Elyvilon
Yredelemnul


Innate Abilities, Weirdness & Mutations

You can breathe waves of freezing cold.
You can buffet flying creatures when you breathe cold.
Your icy white scales are hard. (AC +6)
You cannot fit into any form of body armour.
Your flesh is cold resistant. (rC+)
You are cold-blooded and may be slowed by cold attacks.


Message History

The steam dragon is moderately wounded.
You feel somewhat more hungry.
You are feeling hungry.
The fungus is engulfed in a cloud of scalding steam. x3
You hit the steam dragon but do no damage.
Your tail-slap misses the steam dragon.
The steam dragon is moderately wounded.
The fungus is engulfed in a cloud of scalding steam. x3
The steam dragon bites you. The steam dragon closely misses you.
All of the chunks of flesh in your inventory have rotted away.
You hit the steam dragon but do no damage.
You tail-slap the steam dragon, but do no damage.
The steam dragon is lightly wounded.
The steam dragon breathes steam at you. The ball of steam hits you!
* * * LOW HITPOINT WARNING * * *
The steam dragon breathes steam at you.
The ball of steam hits the steam dragon.
The steam dragon resists.
The ball of steam hits you!
You die...

##.# #.#.# #.# #...........#
##.### #.#.###.####...#.##....#
.....# #.#............#.###.#.#
...#.#####.#####.####.#.#....##.#
######P≈P### #.# #.#.#.#####.# #
PP≈≈P# #.# ########P....# ####
P....≈#########≈P.PP.≈^....# ...#
..D...P§.P≈P.≈.............# .###
.....D.§D§D@§§..P.≈P.≈.≈...#
.####P......^PP^^#######P.PP....#
.##.#≈P≈≈.P###############P.....#
.##.###≈≈### #........[#####..#
....# ## #.# #..#####......#..#
.#### #.# #..# #####.##..# .# #.#
#..##### #.###.# .# #.#
#......#####†##... .# #.#
##.####............


You could see a steam dragon.

Vanquished Creatures
  The ghost of turnburgler the Archer, a novice CeHu (Ossuary)
  A sky beast (D:5)
  2 ogres (D:5)
  An elf zombie (Ossuary)
  3 scorpions
  2 howler monkeys (D:4)
  A crimson imp (D:4)
  2 hounds
  A human zombie (Ossuary)
  2 orc priests (D:5)
  A centaur zombie (Ossuary)
  A jelly (D:5)
  An orc wizard (D:5)
  A bullfrog skeleton (D:5)
  Jessica (D:2)
  Natasha (thrice) (D:3)
  3 worker ants (D:5)
  3 big kobold zombies (Ossuary)
  3 mummies (Ossuary)
  3 hound zombies (Ossuary)
  Robin (D:3)
  4 adders
  2 gnolls (D:5)
  An ooze (D:4)
  4 adder zombies (Ossuary)
  A worm (D:3)
  2 dart slugs
  A leopard gecko (D:2)
  10 orcs
  2 ball pythons
  8 bats
  7 giant cockroaches
  7 hobgoblins
  2 jackals (D:1)
  4 quokkas
  2 frilled lizards
  A gnoll zombie (Ossuary)
  24 goblins
  2 goblin zombies (Ossuary)
  5 hobgoblin zombies (Ossuary)
  3 jackal zombies (Ossuary)
  8 kobolds
  4 kobold zombies (Ossuary)
  2 orc zombies (Ossuary)
  A quokka skeleton (D:4)
  4 quokka zombies (Ossuary)
  4 rats
  2 rat zombies (Ossuary)
154 creatures vanquished.

Vanquished Creatures (others)
  A fungus (D:5)
  4 toadstools (D:1)
5 creatures vanquished.

Grand Total: 159 creatures vanquished

Notes
Turn   | Place    | Note
-------+----------+-------------------------------------------
     0 | Abyss:1  | Kosschaser the Draconian Abyssal Knight began the quest for the Orb.
     0 | Abyss:1  | Reached XP level 1. HP: 19/19 MP: 2/2
    52 | Abyss:1  | Noticed a small abomination
    52 | D:1      | Escaped the Abyss
   207 | D:1      | Reached XP level 2. HP: 24/26 MP: 3/3
   346 | D:1      | Reached * piety under Lugonu
   770 | D:2      | Noticed Jessica
   779 | D:2      | Killed Jessica
   779 | D:2      | Reached XP level 3. HP: 22/33 MP: 4/4
   796 | D:2      | Found a basalt altar of Yredelemnul.
  1597 | D:2      | Reached XP level 4. HP: 41/41 MP: 5/5
  1612 | D:2      | Reached skill level 3 in Long Blades
  1784 | D:3      | Noticed Robin
  1803 | D:3      | Reached ** piety under Lugonu
  1807 | D:3      | Killed Robin
  2124 | D:3      | Noticed Natasha
  2137 | D:3      | Killed Natasha
  2137 | D:3      | Reached XP level 5. HP: 5/47 MP: 6/6
  2251 | D:3      | Noticed Natasha
  2262 | D:3      | Killed Natasha
  2262 | D:3      | Reached skill level 4 in Long Blades
  2799 | D:3      | Noticed Natasha
  2808 | D:3      | Killed Natasha
  3285 | D:4      | Reached XP level 6. HP: 55/55 MP: 7/7
  3525 | D:4      | Found a white marble altar of Elyvilon.
  3627 | D:4      | Reached skill level 5 in Fighting
  3627 | D:4      | Reached skill level 5 in Long Blades
  4129 | D:4      | Found a staircase to the Ecumenical Temple.
  4212 | D:5      | Entered Level 5 of the Dungeon
  4241 | D:5      | Your scales start taking on an icy white colour.
  4241 | D:5      | Reached XP level 7. HP: 45/61 MP: 8/8
  4241 | D:5      | Gained mutation: Your flesh is cold resistant. (rC+) [White Draconian growth]
  4255 | D:5      | Found a sand-covered staircase.
  4261 | Ossuary  | Entered an ossuary
  4262 | Ossuary  | Noticed turnburgler's ghost (novice CeHu)
  4292 | Ossuary  | Killed turnburgler's ghost
  4292 | Ossuary  | Reached skill level 6 in Long Blades
  4609 | Ossuary  | Reached *** piety under Lugonu
  5151 | Ossuary  | Reached XP level 8. HP: 46/70 MP: 9/9
  5175 | Ossuary  | Reached skill level 7 in Long Blades
  5537 | D:5      | Reached **** piety under Lugonu
  5539 | D:5      | Found a shadowy altar of Dithmenos.
  5730 | D:5      | Reached skill level 5 in Dodging
  5980 | D:5      | Reached skill level 8 in Long Blades
  6224 | D:5      | Killed from afar by a steam dragon

Skill      XL: |  1  2  3  4  5  6  7  8 |
---------------+-------------------------+-----
Fighting       | 4 5 6 |  6.6
Long Blades    | 3 4 5 6 8 |  8.3
Dodging        | 3 4 5 |  5.3
Invocations    | |  2.0

Action                   |  1- 3 |  4- 6 |  7- 9 || total
-------------------------+-------+-------+-------++-------
Melee: Falchion          |    52 |   129 |   289 ||   470
       Tailslap          |     9 |    31 |    59 ||    99
       Long sword        |    30 |    80 |       ||   110
Invok: Depart the Abyss  |     1 |       |       ||     1
 Abil: Breathe Frost     |       |       |     9 ||     9
  Use: Potion            |       |     1 |     1 ||     2
 Stab: Sleeping          |       |     2 |     1 ||     3
  Eat: Chunk             |     2 |     9 |     3 ||    14
       Meat ration       |       |       |     1 ||     1
Armor: Skin              |    38 |    63 |    56 ||   157
Dodge: Dodged            |    55 |   128 |   164 ||   347
       Rpst.: Falchion   |     8 |    25 |    52 ||    85
       Long sword        |     6 |    16 |       ||    22
